 Dungeon Crawl Stone Soup version 0.32-a0-673-g3729bd50f8 (webtiles) character file.

Game seed: 10993704562052867804

34095 910rd the Mimic (level 13, -7/111 HPs)
             Began as a Black Draconian Shapeshifter on Mar 10, 2024.
             Was a High Priest of Yredelemnul.
             Mangled by a six-headed hydra (8 damage)
             ... on level 5 of the Lair of Beasts.
             The game lasted 00:52:22 (14188 turns).

910rd the Mimic (Black Draconian Shapeshifter)     Turns: 14188, Time: 00:52:23

Health: -7/111     AC: 12    Str: 21    XL:     13   Next: 40%
Magic:  19/19      EV:  4    Int: 10    God:    Yredelemnul [*****.]
Gold:   842        SH:  0    Dex: 12    Spells: 12/12 levels left

rFire   . .          .
                       - Unarmed
rCold   . . .        (no shield)
rNeg    . . .        (body armour unavailable)
rPois   +            (helmet restricted)
rElec   +            (no cloak)
rCorr   .            (no gloves)
SInv    .            (no boots)
Will    .....        y - amulet of the acrobat
Stlth   +++          k - +4 ring of protection
HPRegen 0.38/turn    r - ring of poison resistance
MPRegen 0.16/turn

%: acrobat
@: maw-form, wreathed by umbra, constricted
A: devouring maw, galvanic breath, AC +8, unfitting armour, electricity
resistance, cold-blooded
a: Galvanic Breath, Begin Untransformation, Renounce Religion, Light the Black
Torch, Recall Undead Harvest, Hurl Torchlight, Bind Soul, Fathomless Shackles


You were on level 5 of the Lair of Beasts.
You worshipped Yredelemnul.
Yredelemnul was aware of your devotion.
You were a creature with a mouth for a stomach.
You visited 3 branches of the dungeon, and saw 16 of its levels.

You collected 945 gold pieces.
You spent 103 gold pieces at shops.

Inventory:

Hand Weapons
 f - a +3 dagger of speed
Missiles
 g - 8 poisoned darts (quivered)
 l - 3 darts of dispersal
 u - 3 javelins
Armour
 F - the +0 cloak of the Thief {Quiet Slay-3 SInv Stlth+}
   (You found it on level 7 of the Dungeon)

   Quiet:     All noise in your surroundings is dampened.
   Slay-3:    It affects your accuracy & damage with ranged weapons and melee
   (-3).
   SInv:      It lets you see invisible.
   Stlth+:    It makes you more stealthy.
Jewellery
 k - a +4 ring of protection (left hand)
 m - a +5 ring of evasion
 n - a ring of flight
 r - a ring of poison resistance (right hand)
 y - an amulet of the acrobat (around neck)
 E - a +4 ring of protection
 N - an amulet of reflection
 T - a ring of magical power
Talismans
 b - a beast talisman
 c - a flux talisman
 v - a maw talisman (active)
 P - a blade talisman
Wands
 I - a wand of mindburst (9)
 J - a wand of digging (6)
 O - a wand of warping (6)
 Q - a wand of charming (9)
 U - a wand of light (6)
Scrolls
 e - 4 scrolls of enchant weapon
 j - 3 scrolls of teleportation {unknown}
 o - 4 scrolls of amnesia {unknown}
 q - 2 scrolls of enchant armour {unknown}
 z - 2 scrolls of poison
 B - a scroll of revelation {unknown}
 C - 3 scrolls of immolation
 D - 2 scrolls of fog
 G - a scroll of acquirement {unknown}
 L - 2 scrolls of silence {unknown}
 M - a scroll of fear {unknown}
 R - a scroll of identify
 S - a scroll of summoning {unknown}
Potions
 a - 2 potions of lignification
 d - 4 potions of heal wounds
 h - 4 potions of mutation
 i - 3 potions of resistance
 p - 2 potions of enlightenment
 s - 2 potions of berserk rage
 t - 7 potions of curing
 w - a potion of brilliance
 x - 2 potions of invisibility {unknown}
 A - 2 potions of magic
 K - a potion of haste
Miscellaneous
 H - a sack of spiders


   Skills:
 + Level 9.0 Fighting
 + Level 6.0 Dodging
 - Level 3.0 Stealth
 - Level 12.0 Unarmed Combat
 + Level 9.0 Invocations
 - Level 3.0 Evocations
 - Level 14.0 Shapeshifting


You had 12 spell levels left.
You didn't know any spells.
Your spell library contained the following spells:

 Spells                   Type           Power      Damage    Failure   Level
 Freeze                   Ice            0%         1d3       36%         1
 Necrotise                Necr           0%         1d4       36%         1
 Slow                     Hex            0%         N/A       36%         1
 Sting                    Conj/Alch      0%         1d3       36%         1
 Lesser Beckoning         Tloc           0%         N/A       50%         2
 Mercury Vapours          Alch/Air       0%         N/A       50%         2
 Static Discharge         Conj/Air       0%         3-3/arc   50%         2
 Confusing Touch          Hex            0%         N/A       75%         3
 Frozen Ramparts          Ice            0%         1d1       75%         3
 Gell's Gravitas          Tloc           0%         N/A       75%         3
 Hailstorm                Conj/Ice       0%         3d5       75%         3
 Mephitic Cloud           Conj/Alch/Air  0%         N/A       75%         3
 Sigil of Binding         Hex            0%         N/A       75%         3
 Teleport Other           Tloc           0%         N/A       75%         3
 Vampiric Draining        Necr           0%         2d6       75%         3
 Airstrike                Air            0%         2d(0-16)  98%         4
 Anguish                  Hex/Necr       0%         N/A       98%         4
 Cause Fear               Hex            0%         N/A       98%         4
 Martyr's Knell           Necr/Summ      0%         N/A       98%         4
 Summon Lightning Spire   Summ/Air       0%         N/A       98%         4
 Curse of Agony           Necr           0%         N/A       100%        5
 Fireball                 Conj/Fire      0%         3d3       100%        5
 Lee's Rapid Deconstruct  Erth           0%         3d4*      100%        5
 Bombard                  Conj/Erth      0%         9d1       100%        6
 Enfeeble                 Hex            0%         N/A       100%        7
 Animate Armour           Summ/Erth      Unusable   N/A       N/A         4

Dungeon Overview and Level Annotations

Branches:
Dungeon (10/15)            Temple (1/1) D:4            Lair (5/5) D:10
 Shoals (0/4) Lair:2        Snake (0/4) Lair:2        Slime (0/5) Lair:4
    Orc (0/2) D:10

Altars:
Ashenzari
Cheibriados
Dithmenos
Elyvilon
Fedhas
Gozag
Hepliaklqana
Kikubaaqudgha
Makhleb
Nemelex Xobeh
Okawaru
Qazlal
Ru
Sif Muna
Trog
Uskayaw
Vehumet
Wu Jian
Xom
Yredelemnul
Zin
The Shining One
Jiyva

Shops:
D:5 *!

Annotations:
D:3 1 runed translucent door, exclusions: door and 2 downstairs, Dittersdorf's ghost, amateur GrFi
Lair:4 exclusion: 3 oklob plants
Lair:5 3 runed translucent doors, 1 exclusion, jamsaran's ghost, journeyman DgAl


Innate Abilities, Weirdness & Mutations

You are a creature with a mouth for a stomach.
Your midsection houses a second, enormous mouth.
You can breathe arcing electricity.
Your glossy black scales are hard. (AC +8)
You cannot fit into any form of body armour.
You are resistant to electric shocks. (rElec)
You are cold-blooded and may be slowed by cold attacks.


Message History

A six-headed hydra comes into view.
The four-headed hydra roars!
The anaconda hisses angrily.
Your bound skyshark bites the anaconda!
Your bound skyshark tail-slaps the anaconda.
Your bound skyshark drains the anaconda.
Your bound skyshark tail-slaps the anaconda but does no damage.
The anaconda bites your bound skyshark.
You swap places.
The anaconda misses you. x3
Unknown command.
You hit the anaconda but do no damage. Your bite misses the anaconda.
The anaconda is moderately wounded.
The anaconda bites you. The anaconda grabs you.
The anaconda bites you but does no damage.
The anaconda constricts you.
Unknown command.
You hit the anaconda.
You tail-slap the anaconda, but do no damage.
Your bite misses the anaconda.
The anaconda is moderately wounded.
The anaconda bites you. The anaconda constricts you.
The six-headed hydra bites you.
The six-headed hydra barely misses you. x2
The six-headed hydra bites you.
The six-headed hydra bites you but does no damage.
The six-headed hydra bites you!
* * * LOW HITPOINT WARNING * * *
Your cane toad zombie hits the six-headed hydra.
The anaconda's grasp on you weakens, but your attempt to escape fails.
The anaconda bites you.
* * * LOW HITPOINT WARNING * * *
The anaconda constricts you.
* * * LOW HITPOINT WARNING * * *
The six-headed hydra bites you!
* * * LOW HITPOINT WARNING * * *
The six-headed hydra bites you.
* * * LOW HITPOINT WARNING * * *
The six-headed hydra barely misses you. The six-headed hydra bites you.
* * * LOW HITPOINT WARNING * * *
The six-headed hydra bites you!
You die...
Your body rises from the dead as a mindless zombie.

##..#Z...#.#..........
###....Z..######.#.#.#.#.#
#......Z### #...........#
#####.....## ##
#Z..........# #.###....#.#
#?##...####~....
#.##.Z...### #..#.Z.##
...# .#...Z##.P#
#.D##ZZ~#### ..#
.....Z.#.## #.S#Z#Z......
.#
....Z....#######WZZ#......
#
...Z.##.(...P##ZZD#####P#P
..Z#####.....##.$#...# ##
..Z# ##......#####...:####
#..###.......###########.#
....P#...)..........###.##
P.....#.................##
.......................#.#
....#.#................♣♣♣


You could see a six-headed hydra, a four-headed hydra, an anaconda (drained,
ally target), a friendly spectral lindwurm, a friendly bound skyshark, a
friendly black mamba zombie, a friendly six-headed hydra zombie, 3 friendly cane
toad zombies, a friendly blink frog zombie and a friendly dream sheep zombie.

Vanquished Creatures
  A catoblepas (Lair:3)
  A centaur warrior (D:8)
  A lindwurm (Lair:5)
  2 elephants
  A manticore (D:10)
  3 black mambas
  A torpor snail (Lair:4)
  7 cane toads
  11 komodo dragons
  Prince Ribbit (D:5)
  A hornet (D:8)
  Grinder (D:4)
  9 blink frogs
  3 dream sheep
  A wyvern (Lair:5)
  A wraith (D:6)
  32 yaks
  A warg (D:10)
  4 vampire mosquitoes (D:10)
  2 basilisks
  Edmund (D:4)
  6 water moccasins
  Duvessa (D:4)
  2 orc warriors
  2 black bears
  An ogre (D:6)
  13 wolves
  5 centaurs
  Blork the orc (D:6)
  6 bullfrogs
  A gnoll sergeant (D:8)
  3 scorpions
  12 wights
  Dowan (D:4)
  9 killer bees
  3 howler monkeys
  4 electric eels (D:7)
  2 lava snakes (Lair:2)
  2 hounds (D:5)
  2 bombardier beetles
  3 orc priests
  3 sleepcaps
  An iguana (D:6)
  3 orc wizards
  9 adders
  2 gnolls (D:8)
  3 shadow imps
  6 white imps
  3 ufetubi
  6 ribbon worms
  20 orcs
  9 ball pythons
  6 bats
  6 endoplasms
  4 giant cockroaches
  5 goblins
  9 hobgoblins
  5 quokkas
  5 frilled lizards
  2 goblin skeletons (D:5)
  A goblin zombie (D:5)
  6 kobolds
  An orc skeleton (D:5)
  3 orc zombies (D:5)
  8 rats
290 creatures vanquished.

Vanquished Creatures (collateral kills)
  2 hydras
  A death yak (Lair:5)
  A skyshark (Lair:4)
  A salamander (Lair:2)
  2 black mambas
  2 cane toads
  A komodo dragon (Lair:4)
  A rime drake (Lair:2)
  11 blink frogs
  8 dream sheep
  11 yaks
  A wyvern (Lair:3)
  A basilisk (Lair:1)
  A water moccasin (Lair:5)
  A sky beast (D:8)
  A black bear (Lair:3)
  An ice beast (D:6)
  4 wolves
  A centaur (D:9)
  3 bullfrogs
  A scorpion (D:10)
  6 killer bees
  3 howler monkeys (D:10)
  An electric eel (Lair:5)
  A lava snake (Lair:2)
  A hound (D:7)
  An orc wizard (D:10)
  A gnoll (D:8)
  An ufetubus (D:6)
  3 orcs
  2 butterflies (Lair:2)
76 creatures vanquished.

Vanquished Creatures (others)
  A spectral dream sheep (Lair:2)
  A spectral komodo dragon (Lair:4)
  A spectral blink frog (Lair:2)
  4 blink frog zombies
  A spectral black bear (D:10)
  A wyvern zombie (Lair:5)
  2 spectral wolves (Lair:3)
  A wolf zombie (Lair:2)
  A centaur zombie (D:10)
  2 bullfrog zombies
  A scorpion zombie (D:7)
  4 killer bee zombies
  An ice beast zombie (D:6)
  2 howler monkey zombies
  2 orc zombies
25 creatures vanquished.

Grand Total: 391 creatures vanquished

Notes
Turn   | Place    | Note
-------+----------+-------------------------------------------
     0 | D:1      | 910rd the Draconian Shapeshifter began the quest for the
                  | Orb.
     0 | D:1      | Reached XP level 1. HP: 16/16 MP: 1/1
    23 | D:1      | Got Sif Muna's Thoughts on Confrontation and Hypothermia
   156 | D:1      | Reached XP level 2. HP: 24/25 MP: 2/2
   766 | D:2      | Reached skill level 1 in Stealth
   803 | D:2      | Reached XP level 3. HP: 31/31 MP: 3/3
  1001 | D:2      | Reached XP level 4. HP: 38/38 MP: 4/4
  1024 | D:2      | Reached skill level 4 in Shapeshifting
  1333 | D:3      | Found a runed translucent door.
  1337 | D:3      | Found a radiant altar of Vehumet.
  1348 | D:3      | Noticed Dittersdorf's ghost (amateur GrFi)
  1472 | D:3      | Found a faded altar of an unknown god.
  1829 | D:3      | Reached XP level 5. HP: 37/45 MP: 5/5
  2014 | D:4      | Noticed Edmund
  2014 | D:4      | Noticed an orc warrior
  2058 | D:4      | Noticed Grinder
  2150 | D:4      | Reached skill level 5 in Shapeshifting
  2321 | D:4      | Found a shimmering blue altar of Sif Muna.
  2459 | D:4      | Got the Excursus on the Yliaster
  2543 | D:4      | Reached XP level 6. HP: 51/51 MP: 6/6
  2555 | D:4      | Noticed Duvessa
  2555 | D:4      | Noticed Dowan
  2565 | D:5      | Entered Level 5 of the Dungeon
  2685 | D:5      | Found a snail-covered altar of Cheibriados.
  2685 | D:5      | Noticed Prince Ribbit
  2724 | D:5      | Killed Prince Ribbit
  2725 | D:5      | Reached skill level 6 in Shapeshifting
  2929 | D:5      | Found a glowing golden altar of the Shining One.
  3005 | D:5      | Reached skill level 7 in Shapeshifting
  3005 | D:5      | Your scales start taking on a glossy black colour.
  3005 | D:5      | Reached XP level 7. HP: 55/57 MP: 7/7
  3005 | D:5      | Gained mutation: You are resistant to electric shocks.
                  | (rElec) [Black Draconian growth]
  3066 | D:5      | Found Tien's Assorted Antiques.
  3069 | D:5      | Found Boczil's Distillery.
  3079 | D:5      | Bought a potion of heal wounds for 70 gold pieces
  3199 | D:5      | Bought a scroll labelled MILOFI VIRPHE for 33 gold pieces
  3270 | D:5      | Found a shimmering altar of Xom.
  3276 | D:5      | Found a blossoming altar of Fedhas.
  3474 | D:5      | Found a hide-covered altar of Uskayaw.
  3648 | D:4      | Killed Duvessa
  3649 | D:4      | Reached skill level 5 in Unarmed Combat
  3649 | D:4      | Killed Dowan
  3748 | D:4      | Killed Edmund
  3749 | D:4      | Reached XP level 8. HP: 40/66 MP: 0/8
  3875 | D:4      | Killed Grinder
  3876 | D:4      | Reached skill level 5 in Fighting
  4175 | D:4      | Found a staircase to the Ecumenical Temple.
  4185 | Temple   | Entered the Ecumenical Temple
  4206 | Temple   | Became a worshipper of Yredelemnul the Fallen
  4309 | D:4      | Reached skill level 1 in Invocations
  4627 | D:6      | Noticed Blork the orc
  4636 | D:6      | Killed Blork the orc
  4887 | D:6      | Reached XP level 9. HP: 71/74 MP: 11/11
  5027 | D:6      | Your ally Blork died
  5318 | D:6      | Reached skill level 5 in Invocations
  5683 | D:7      | Reached * piety under Yredelemnul
  5846 | D:7      | Found a broken altar of Ashenzari.
  6038 | D:7      | Found the +0 cloak of the Thief {Quiet Slay-3 SInv Stlth+}
  6399 | D:8      | Noticed a centaur warrior
  6414 | D:8      | Killed a centaur warrior
  6415 | D:8      | Reached skill level 8 in Shapeshifting
  6780 | D:8      | Found a sacrificial altar of Ru.
  6862 | D:8      | Reached XP level 10. HP: 63/83 MP: 13/13
  6910 | D:8      | Reached skill level 9 in Shapeshifting
  7590 | D:9      | Reached ** piety under Yredelemnul
  7762 | D:9      | Reached skill level 10 in Shapeshifting
  7927 | D:10     | Entered Level 10 of the Dungeon
  7955 | D:10     | Found a staircase to the Lair.
  7955 | D:10     | Noticed an elephant
  7974 | D:10     | Killed an elephant
  7975 | D:10     | Reached skill level 10 in Unarmed Combat
  8148 | D:10     | Reached skill level 5 in Dodging
  8156 | D:10     | Reached skill level 1 in Evocations
  8269 | D:10     | Reached XP level 11. HP: 52/89 MP: 13/15
  8605 | D:10     | Found a staircase to the Orcish Mines.
  8706 | D:10     | Found a sparkling altar of Nemelex Xobeh.
  8979 | Lair:1   | Entered Level 1 of the Lair of Beasts
  9127 | Lair:1   | Reached *** piety under Yredelemnul
  9198 | Lair:1   | Reached skill level 11 in Shapeshifting
  9299 | Lair:1   | Upgraded the game from 0.32-a0-666-ge8a88695a4 to
                  | 0.32-a0-673-g3729bd50f8
  9907 | Lair:2   | Reached skill level 12 in Shapeshifting
  9953 | Lair:2   | Reached XP level 12. HP: 96/96 MP: 18/18
 10007 | Lair:2   | Reached **** piety under Yredelemnul
 10062 | Lair:2   | Found a staircase to the Shoals.
 10081 | Lair:2   | Found a staircase to the Snake Pit.
 11112 | Lair:3   | Noticed a five-headed hydra
 11120 | Lair:3   | Killed a five-headed hydra
 11342 | Lair:3   | Noticed a catoblepas
 11358 | Lair:3   | Killed a catoblepas
 12020 | Lair:4   | Reached ***** piety under Yredelemnul
 12227 | Lair:4   | Found a viscous altar of Jiyva.
 12362 | Lair:4   | Reached XP level 13. HP: 99/111 MP: 19/19
 12904 | Lair:4   | Found a staircase to the Slime Pits.
 12981 | Lair:5   | Entered Level 5 of the Lair of Beasts
 13144 | Lair:5   | Found a runed translucent gate.
 13144 | Lair:5   | Found a runed translucent gate.
 13144 | Lair:5   | Found a runed translucent gate.
 13148 | Lair:5   | Noticed a minotaur
 13151 | Lair:5   | Noticed jamsaran's ghost (journeyman DgAl)
 13187 | Lair:5   | Reached skill level 13 in Shapeshifting
 14177 | Lair:5   | Reached skill level 14 in Shapeshifting
 14188 | Lair:5   | HP: 1/111 [six-headed hydra (5)]
 14188 | Lair:5   | Mangled by a six-headed hydra

Illustrated notes

Levels and vault maps discovered:
D:1:      dpeg_arrival_erosion, layout_basic
D:2:      layout_rooms
D:3:      layout_loops_cross, vehumet_crystals, hellmonk_ghost_happy_afterlife,
          shapermc_ecumenical_altar_gd, st_stairs_2, minmay_misc_feat_tiny
D:4:      layout_loops_cross, mainiacjoe_overflow_small_starburst,
          minmay_temple_entry_fiery, serial_library,
          serial_library_hellmonk_octagon, serial_library_hellmonk_junction,
          serial_library_hellmonk_statue_hall,
          serial_library_regret_index_split_case,
          serial_library_hellmonk_metal_room, serial_library_hellmonk_junction,
          uniq_edmund, uniq_grinder, uniq_duvessa
D:5:      layout_basic, eat_drink_and_be_merry_uskayaw, lemuel_doored_altar,
          nicolae_tso_besieged_by_evil, mainiacjoe_overflow_big_doors,
          nicolae_wooded_promenade, uniq_prince_ribbit1
D:6:      layout_basic, uniq_blork_the_orc
D:7:      layout_rooms, kennysheep_mini_moat, mrwooster_statue_mirror,
          serial_bayou_lake_a
D:8:      layout_basic, mainiacjoe_overflow_boulevard, serial_curves,
          eino_curves_03, eino_curves_01, small_chamber_with_monster,
          minivault_10
D:9:      layout_roguey
D:10:     layout_small_grid, nemelex_spade_bored_becter,
          grunt_lair_entry_orc_guard_hut, david_orc_3
Temple:   chequers_temple_sunken
Lair:1:   layout_roguey, beast_lair_carwin_2, grunt_megastairs_3
Lair:2:   layout_regular_city, elwin_shoals_entry_rocks,
          nicolae_snake_entry_warm_welcome, patterned_corridor,
          grunt_megastairs_1, serial_bayou_shore_a, lemuel_fruit_fields
Lair:3:   layout_chaotic_city, chequers_serial_rivers_micro_a
Lair:4:   layout_cave_shapes, minmay_slime_entry_oklob_enclosed
Lair:5:   hellmonk_lair_end_abyssal_woods, layout_misc_corridors,
          maelrawn_ghost_gauntlet_escape, serial_bayou_ford_a, minivault_26,
          hangedman_lair_generics_rect

Skill      XL: |  1  2  3  4  5  6  7  8  9 10 11 12 13 |
---------------+----------------------------------------+-----
Fighting       | 2 3 5 6 9 |  9.0
Stealth        | 1 3 |  3.0
Shapeshifting  | 4 5 7 8 10 12 14 | 14.0
Unarmed Combat | 6 7 9 10 12 | 12.0
Dodging        | 3 5 6 |  6.0
Invocations    | 3 5 8 9 |  9.0
Evocations     | 3 |  3.0

Action                     |  1- 3 |  4- 6 |  7- 9 | 10-12 | 13-15 || total
---------------------------+-------+-------+-------+-------+-------++-------
  Melee: Unarmed           |    98 |   199 |   284 |   460 |    76 ||  1117
         Tailslap          |    10 |    30 |    36 |    74 |    13 ||   163
         Punch             |     2 |     7 |       |    15 |     5 ||    29
         Maw               |       |       |       |    96 |    31 ||   127
  Throw: Dart              |       |     5 |       |       |       ||     5
 Invoke: Light the Black T |       |       |     5 |     6 |     1 ||    12
         Recall Undead Har |       |       |       |       |     1 ||     1
         Bind Soul         |       |       |       |       |     1 ||     1
Ability: Galvanic Breath   |       |       |     4 |     1 |       ||     5
  Evoke: Wand              |       |       |       |     2 |       ||     2
    Use: Scroll            |       |    10 |     5 |     2 |       ||    17
         Potion            |       |       |       |     2 |       ||     2
   Stab: Sleeping          |     1 |     1 |       |     1 |     1 ||     4
         Distracted        |       |       |     2 |     5 |     1 ||     8
 Armour: Skin              |    39 |   146 |   140 |   239 |    69 ||   633
  Dodge: Dodged            |    56 |   108 |   230 |   377 |    52 ||   823
   Form: Flux              |       |       |     1 |     2 |       ||     3
                           |       |       |     1 |     1 |       ||     2
         Maw               |       |       |       |     3 |       ||     3
         Blade             |       |       |       |     1 |       ||     1

Table legend: (Time is in decaauts)
 A = Elapsed time spent in this place.
 B = Non-inter-level travel time spent in this place.
 C = Inter-level travel time spent in this place.
 D = Time resting spent in this place.
 E = Time spent auto-exploring this place.
 F = Levels seen in this place.
 G = Mean time per level.
                   A        B        C        D        E       F      G
               +--------+--------+--------+--------+--------+-----+--------+
         Total |  14075 |  13358 |    717 |    883 |   9360 |  16 |  879.7 |
       Dungeon |   8884 |   8314 |    570 |    521 |   5705 |  10 |  888.4 |
        Temple |     34 |     25 |      9 |      0 |      0 |   1 |   34.0 |
          Lair |   5156 |   5019 |    137 |    362 |   3654 |   5 | 1031.2 |
               +--------+--------+--------+--------+--------+-----+--------+

Top non-repeatable levels by time:
     D:4: 1309 daAuts
     D:8: 1272 daAuts
  Lair:2: 1192 daAuts
  Lair:5: 1165 daAuts
     D:5: 1160 daAuts
    D:10: 1026 daAuts
  Lair:4: 1012 daAuts
  Lair:1: 894 daAuts
  Lair:3: 891 daAuts
     D:6: 855 daAuts
     D:1: 759 daAuts
     D:3: 751 daAuts
     D:7: 712 daAuts
     D:2: 561 daAuts
     D:9: 476 daAuts
